 Dungeon Crawl Stone Soup version 0.23.1 (webtiles) character file.

Game seed: 0

1965 esteth the Ruffian (level 9, -6/64 HPs)
             Began as a Red Draconian Transmuter on Mar 11, 2019.
             Was a Follower of Makhleb.
             Mangled by a troll (11 damage)
             ... on level 5 of the Dungeon.
             The game lasted 00:19:47 (6604 turns).

esteth the Ruffian (Red Draconian Transmuter)       Turns: 6604, Time: 00:19:48

Health: -6/64      AC:  8    Str: 19    XL:     9   Next: 0%
Magic:  23/25      EV: 12    Int: 17    God:    Makhleb [*.....]
Gold:   152        SH:  0    Dex: 11    Spells: 3/18 levels left

rFire    + + .     SeeInvis .   i - +9 trident "Aduedane" {protect, rF+ MP+9 Str+6}
rCold    + . .     Gourm    .   (no shield)
rNeg     . . .     Faith    .   (armour unavailable)
rPois    .         Spirit   .   (helmet restricted)
rElec    .         Reflect  .   b - +0 cloak
rCorr    .         Harm     .   (no gloves)
MR       +....                  (no boots)
Stlth    +.........             (no amulet)
HPRegen  0.20/turn              e - ring of protection from cold
MPRegen  0.19/turn              q - ring of flight

@: no status effects
A: breathe fire, unfitting armour, fire resistance 1, magic resistance 1,
cold-blooded, AC +7
a: Breathe Fire, Renounce Religion, Evoke Flight


You were on level 5 of the Dungeon.
You worshipped Makhleb.
Makhleb was aware of your devotion.
You were not hungry.

You visited 1 branch of the dungeon, and saw 5 of its levels.

You collected 152 gold pieces.

Inventory:

Hand Weapons
 i - the +9 trident "Aduedane" (weapon) {protect, rF+ MP+9 Str+6}
   (You found it on level 4 of the Dungeon)

   It protects the one who uses it against injury (+AC on strike).
   It affects your strength (+6).
   It protects you from fire.
   It affects your magic capacity (+9).
Missiles
 a - 5 arrows (quivered)
Armour
 b - a +0 cloak (worn)
Jewellery
 e - a ring of protection from cold (left hand)
 q - a ring of flight (right hand)
Wands
 l - a wand of digging (3)
 m - a wand of enslavement (15)
 t - a wand of iceblast (8)
Scrolls
 d - a scroll of magic mapping
 f - a scroll of fog {unknown}
 h - 2 scrolls of enchant weapon
 o - a scroll of fear {unknown}
 p - 2 scrolls of blinking {unknown}
 r - 3 scrolls of remove curse {unknown}
 s - 2 scrolls of identify
Potions
 g - a potion of mutation
 j - 2 potions of brilliance
 k - 2 potions of resistance {unknown}
 n - 2 potions of curing {unknown}
 u - a potion of flight {unknown}
 v - a potion of might {unknown}
 w - a potion of degeneration {unknown}
 x - a potion of lignification {unknown}
Comestibles
 c - 8 rations


   Skills:
 - Level 1.1 Fighting
 - Level 1.7 Dodging
 + Level 7.5 Unarmed Combat
 + Level 5.1 Spellcasting
 + Level 1.7 Summonings
 + Level 6.9 Transmutations
 + Level 1.6 Air Magic
 - Level 3.0 Poison Magic


You had 3 spell levels left.
You knew the following spells:

 Your Spells              Type           Power        Failure   Level  Hunger
a - Beastly Appendage     Tmut           ####..       1%          1    None
b - Sticks to Snakes      Tmut           ####....     1%          2    #......
c - Spider Form           Tmut/Pois      ###.......   5%          3    ###....
d - Blade Hands           Tmut           ####......   22%         5    ######.
e - Summon Lightning Spi  Summ/Air       ##......     56%         4    ####...

Your spell library contained the following spells:

 Spells                   Type           Power        Failure   Level  Hunger
 Summon Small Mammal      Summ           ##..         7%          1    None
 Call Imp                 Summ           ##......     11%         2    #......
 Call Canine Familiar     Summ           ##......     21%         3    ###....
 Summon Guardian Golem    Hex/Summ       #.......     30%         3    ###....
 Ice Form                 Ice/Tmut       ###.....     34%         4    ####...
 Summon Ice Beast         Ice/Summ       #.......     69%         4    ####...


Dungeon Overview and Level Annotations

Branches:
Dungeon (5/15)             Temple (0/1) D:5

Altars:
Cheibriados
Makhleb
Trog
Xom
Yredelemnul
The Shining One

Shops:
D:4 ((*=[

Annotations:
D:5 1 runed translucent door, exclusion: upstairs, Crazy Yiuf


Innate Abilities, Weirdness & Mutations

You can breathe blasts of fire.
Your fiery red scales are hard. (AC +7)
You cannot fit into any form of body armour.
Your flesh is heat resistant. (rF+)
You are cold-blooded and may be slowed by cold attacks.
You are resistant to hostile enchantments. (MR+)


Message History

The troll is almost dead.
Your ball python closely misses the troll.
The troll bites you!
* * * LOW HITPOINT WARNING * * *
The troll barely misses you. The troll closely misses you.
Your ball python bites the troll but does no damage.
You see here a plate armour.
Okay, then.
As you read the scroll labeled GECUOH VOROKH, it crumbles to dust.
You feel aware of your surroundings.
It was a scroll of magic mapping.
The troll bites you but does no damage. The troll closely misses you.
The troll barely misses you.
Your ball python bites the troll but does no damage.
As you read the scroll labeled FASKA NOEPHEO, it crumbles to dust.
It is a scroll of enchant weapon.
You aren't carrying any weapons that can be enchanted.
The troll bites you.
* * * LOW HITPOINT WARNING * * *
The troll claws you!
You die...

♣ ###...## #.##.# #.######..... ♣
#......# #.##.####.# ###### ♣
#......## #.##......#### #
#.......###.#..........#
###.....#.##....##.......#
..............####.......# ##
#########......[S........# #. #
###.#...S###.......# #####.
##.....#..T@........# #.....
#..##)##.####.......###.###.
#.###.##.# #.#.#.......# #. #.#
#.##.####..>..#.#######.
#÷###.##........###.# #..
#.........#####.###.# ##.#
######.######...## #T.##.#####...
.........# #.#..###...#....##..#
.........####...........###.#...#


You could see a troll and a friendly ball python.

Vanquished Creatures
  Pikel (D:5)
  Prince Ribbit (D:5)
  Menkaure (D:4)
  3 slaves (D:5)
  Purgy (D:4)
  A sky beast (D:5)
  3 ogres (D:5)
  Blork the orc (D:4)
  2 scorpions
  A howler monkey (D:4)
  2 crimson imps (D:5)
  A hound (D:5)
  2 orc priests
  An iguana (D:4)
  3 orc wizards
  A worker ant (D:4)
  A hound zombie (D:5)
  Robin (D:2)
  11 adders
  A shadow imp (D:5)
  An adder zombie (D:5)
  An adder skeleton (D:5)
  2 worms (D:2)
  A dart slug (D:1)
  5 leopard geckos
  11 orcs
  5 bats
  A giant cockroach (D:1)
  19 goblins
  13 hobgoblins
  3 jackals (D:2)
  6 kobolds
  4 quokkas
  4 ball pythons
  4 frilled lizards
  A jackal zombie (D:4)
  2 quokka skeletons
  5 rats
127 creatures vanquished.

Vanquished Creatures (collateral kills)
  An ogre (D:3)
  An orc wizard (D:4)
  An orc priest (D:3)
  An adder (D:2)
  An ooze (D:3)
  A dart slug (D:1)
  4 orcs
  4 goblins
  A frilled lizard (D:2)
15 creatures vanquished.

Grand Total: 142 creatures vanquished

Notes
Turn   | Place    | Note
-------+----------+-------------------------------------------
     0 | D:1      | esteth the Draconian Transmuter began the quest for the
                  | Orb.
     0 | D:1      | Reached XP level 1. HP: 16/16 MP: 3/3
   395 | D:1      | Reached XP level 2. HP: 22/23 MP: 5/5
   409 | D:1      | Learned a level 2 spell: Sticks to Snakes
   486 | D:1      | HP: 1/23 [goblin/+0 dagger (4)]
  1126 | D:2      | Reached XP level 3. HP: 20/28 MP: 3/6
  1327 | D:2      | Reached skill level 4 in Unarmed Combat
  1680 | D:2      | Noticed Robin
  1707 | D:2      | Killed Robin
  1734 | D:2      | Reached XP level 4. HP: 21/35 MP: 7/7
  1929 | D:2      | Learned a level 3 spell: Spider Form
  1982 | D:2      | Found a shimmering altar of Xom.
  1984 | D:2      | Found a sacrificial altar of Ru.
  1984 | D:2      | Found a shadowy altar of Dithmenos.
  1986 | D:2      | Found a glowing silver altar of Zin.
  1986 | D:2      | Found a glowing silver altar of Zin.
  1986 | D:2      | Found an ancient bone altar of Kikubaaqudgha.
  2307 | D:2      | Found a snail-covered altar of Cheibriados.
  2410 | D:2      | Found a glowing golden altar of the Shining One.
  2652 | D:3      | Reached skill level 1 in Poison Magic
  2664 | D:3      | Gained mutation: You are resistant to hostile enchantments.
                  | (MR+) [potion of mutation]
  2664 | D:3      | Gained mutation: Your flesh is heat resistant. (rF+)
                  | [potion of mutation]
  2684 | D:3      | Reached XP level 5. HP: 20/40 MP: 4/8
  3166 | D:3      | Noticed an ogre
  3238 | D:3      | Killed an ogre
  3408 | D:3      | HP: 2/40 [orc priest/divine providence (16)]
  3426 | D:3      | Reached skill level 5 in Unarmed Combat
  3836 | D:3      | Found a burning altar of Makhleb.
  3836 | D:3      | Found a basalt altar of Yredelemnul.
  3844 | D:3      | Became a worshipper of Makhleb the Destroyer
  3960 | D:3      | Reached XP level 6. HP: 46/47 MP: 9/9
  4016 | D:4      | Got a slimy trident
  4022 | D:4      | Identified the +9 trident "Aduedane" {protect, rF+ MP+9
                  | Str+6} (You found it on level 4 of the Dungeon)
  4629 | D:4      | Noticed Purgy
  4629 | D:4      | Found Enwan Raf's Armour Boutique.
  4629 | D:4      | Noticed Blork the orc
  4636 | D:5      | Entered Level 5 of the Dungeon
  4703 | D:5      | Found a runed translucent door.
  4704 | D:5      | Noticed Crazy Yiuf
  4739 | D:5      | Your scales start taking on a fiery red colour.
  4739 | D:5      | Reached XP level 7. HP: 52/52 MP: 10/10
  4739 | D:5      | Mutation became permanent: Your flesh is heat resistant.
                  | (rF+) [Red Draconian growth]
  4739 | D:5      | Gained mutation: Your flesh is heat resistant. (rF+) [Red
                  | Draconian growth]
  4772 | D:5      | Found a staircase to the Ecumenical Temple.
  4802 | D:5      | Reached skill level 5 in Transmutations
  4836 | D:5      | Noticed Prince Ribbit
  5071 | D:5      | Reached skill level 6 in Unarmed Combat
  5126 | D:5      | Killed Prince Ribbit
  5158 | D:5      | Reached * piety under Makhleb
  5197 | D:5      | Reached XP level 8. HP: 28/59 MP: 13/13
  5241 | D:5      | Noticed Pikel
  5258 | D:5      | Killed Pikel
  5258 | D:5      | Reached skill level 7 in Unarmed Combat
  5533 | D:5      | Learned a level 5 spell: Blade Hands
  5538 | D:5      | Learned a level 4 spell: Summon Lightning Spire
  5551 | D:5      | Noticed a troll
  5944 | D:4      | Killed Purgy
  5944 | D:4      | Reached skill level 1 in Summonings
  6023 | D:4      | Found Gutiun's Jewellery Shop.
  6027 | D:4      | Reached skill level 1 in Air Magic
  6041 | D:4      | Killed Blork the orc
  6060 | D:4      | Found Cidiotol's Assorted Antiques.
  6086 | D:4      | Found Gefogg's Antique Weapon Shoppe.
  6111 | D:4      | Noticed Menkaure
  6119 | D:4      | Killed Menkaure
  6119 | D:4      | Reached skill level 5 in Spellcasting
  6133 | D:4      | Found Eptusex's Antique Weapon Boutique.
  6273 | D:4      | Found a bloodstained altar of Trog.
  6399 | D:4      | Reached XP level 9. HP: 64/64 MP: 16/16
  6604 | D:5      | Mangled by a troll

Skill      XL: |  1  2  3  4  5  6  7  8 |
---------------+-------------------------+-----
Unarmed Combat | 4 5 6 7 |  7.5
Transmutations | 3 4 5 6 |  6.9
Poison Magic   | 1 2 3 |  3.0
Spellcasting   | 3 5 |  5.1
Summonings     | 1 |  1.7
Air Magic      | 1 |  1.6
Fighting       | |  1.1
Dodging        | |  1.7

Action                   |  1- 3 |  4- 6 |  7- 9 || total
-------------------------+-------+-------+-------++-------
Melee: Unarmed           |   127 |   206 |     7 ||   340
       Tailslap          |    11 |    11 |    13 ||    35
       Punch             |     3 |     3 |     3 ||     9
       Trident           |       |    29 |   139 ||   168
       Headbutt          |       |     1 |     1 ||     2
       Kick              |       |       |     8 ||     8
 Cast: Sticks to Snakes  |     4 |    12 |    14 ||    30
       Beastly Appendage |     1 |     1 |     2 ||     4
       Spider Form       |       |     3 |     2 ||     5
  Use: Scroll            |     1 |     1 |     2 ||     4
       Potion            |       |     4 |       ||     4
 Stab: Distracted        |       |     1 |       ||     1
  Eat: Chunk             |     3 |    11 |     7 ||    21
Armor: Skin              |    36 |    80 |    55 ||   171
Dodge: Dodged            |    67 |   160 |   108 ||   335
